 Dungeon Crawl Stone Soup version 0.20-a0-972-gb9bd3e6 (webtiles) character file.

113 Gorglomux the Grasshopper (level 4, -1/21 HPs)
             Began as a Felid Warper on Apr 9, 2017.
             Slain by a gnoll shaman
             ... wielding a +0 whip
              (8 damage)
             ... on level 2 of the Dungeon.
             The game lasted 00:13:57 (4699 turns).

Gorglomux the Grasshopper (Felid Warper)            Turns: 4699, Time: 00:13:58

Health: -1/21      AC:  1    Str: 11    XL:     4   Next: 65%
Magic:  5/8        EV: 19    Int: 15    God:
Gold:   115        SH:  0    Dex: 16    Spells: 2/7 levels left
                                        Lives:  0   Deaths: 1

rFire    . . .     SeeInvis +     - Unarmed
rCold    . . .     Gourm    .   (shield unavailable)
rNeg     . . .     Faith    .   (armour unavailable)
rPois    .         Spirit   .   (helmet unavailable)
rElec    .         Reflect  .   (cloak unavailable)
rCorr    .         Harm     .   (gloves unavailable)
MR       .....                  (boots unavailable)
Stlth    +.........             (no amulet)
Regen    0.1/turn               U - +4 ring of strength
MPRegen  0.2/turn               (no ring)

@: glowing, quick
A: no armour, no weapons or thrown items, stealth, claws 1, fangs 3, see
invisible, carnivore 3, speed 1, shaggy fur 1, slow metabolism 1, sharp paws
a: no special abilities


You were on level 2 of the Dungeon.
You were full.

You visited 1 branch of the dungeon, and saw 3 of its levels.

You collected 115 gold pieces.

Inventory:

Jewellery
 U - a +4 ring of strength (left paw)
Scrolls
 B - a scroll of blinking
 G - a scroll of remove curse {unknown}
 K - a scroll of fog {unknown}
 L - a scroll of identify {unknown}
 M - 2 scrolls of amnesia
 P - a scroll of enchant weapon {unknown}
 T - 2 scrolls of teleportation
Potions
 C - 2 potions of curing {unknown}
 D - a potion of invisibility {unknown}
 E - 2 potions of haste {unknown}
 F - 2 potions of mutation {unknown}
 N - a potion of brilliance {unknown}
Books
 a - a book of Spatial Translocations

   Spells                             Type                      Level
   a - Blink                          Translocation                2
   b - Shroud of Golubria             Charms/Translocation         2
   c - Lesser Beckoning               Translocation                3
   d - Gell's Gravitas                Translocation                3
   e - Teleport Other                 Translocation                3
   f - Passage of Golubria            Translocation                4
Comestibles
 c - 2 meat rations


   Skills:
 + Level 3.0 Fighting
 + Level 4.1 Dodging
 + Level 3.5 Stealth
 + Level 3.5 Unarmed Combat
 - Level 2.0 Spellcasting
 - Level 2.0 Charms
 + Level 4.6 Translocations


You had 2 spell levels left.
You knew the following spells:

 Your Spells              Type           Power        Failure   Level  Hunger
a - Teleport Other        Tloc           ###.....     12%         3    ###....
h - Shroud of Golubria    Chrm/Tloc      ##........   12%         2    ###....


Dungeon Overview and Level Annotations

Branches:
Dungeon (3/15)

Altars:
Elyvilon
Fedhas
Gozag
Ru


Innate Abilities, Weirdness & Mutations

You cannot wear armour.
You are incapable of wielding weapons or throwing items.
Your paws allow you to move quietly. (Stealth)
You have sharp claws.
You have razor-sharp teeth.
You have supernaturally acute eyesight. (SInv)
You are carnivorous and can eat meat at any time.
You cover ground quickly.
You are covered in fur. (AC +1)
You have a slow metabolism.
Your sharp claws are effective at attacking unaware monsters.


Message History

The gnoll shaman is heavily wounded.
The gnoll shaman barely misses you.
You scratch the gnoll shaman.
The gnoll shaman is severely wounded.
The gnoll shaman calls down the wrath of its god upon you.
You are outlined in light.
Unknown command.
The gnoll shaman prays to its god.
The gnoll shaman is healed somewhat.
Your shroud begins to fray at the edges.
You swing at nothing.
You swing at nothing.
You swing at nothing.
You swing at nothing.
Your shroud unravels.
Casting: Shroud of Golubria
Confirm with . or Enter, or press ? or * to list all spells.
Space distorts slightly along a thin shroud covering your body.
The gnoll shaman hits you with a whip!
You die...

##############....(#####
#..%.................#
#.############.....#(#
#.##.#.#.#.#.#.#.#.#)#
#.#..................#
#.##.#.#.#.#.#.#.#.#.#
#.#................>)#
#.##.#.#.#.#.#.#.#.#.#
#.#....@g............#
#.##.#)#.#.#.#.#.#.###
#.#######..######### #.#
#.## #.# #.# #.# #.# #.#
#.# #.# #.# #.# #.#


You could see a gnoll shaman.

Vanquished Creatures
  6 gnolls
  5 adders
  2 oozes
  A dart slug (D:1)
  A leopard gecko (D:3)
  4 orcs (D:3)
  7 bats
  3 giant cockroaches
  9 goblins
  9 hobgoblins
  9 jackals
  3 quokkas (D:3)
  5 frilled lizards
  9 kobolds
  12 rats
85 creatures vanquished.

Notes
Turn   | Place    | Note
-------+----------+-------------------------------------------
     0 | D:1      | Gorglomux the Felid Warper began the quest for the Orb.
     0 | D:1      | Reached XP level 1. HP: 9/9 MP: 4/4
   193 | D:1      | Reached skill level 1 in Stealth
   291 | D:1      | Reached XP level 2. HP: 10/13 MP: 6/6
  1210 | D:1      | Learned a level 2 spell: Shroud of Golubria
  1234 | D:1      | Reached XP level 3. HP: 16/16 MP: 7/7
  2117 | D:1      | Learned a level 3 spell: Teleport Other
  2286 | D:2      | Found a white marble altar of Elyvilon.
  2350 | D:2      | Reached skill level 1 in Charms
  2358 | D:2      | Found a sacrificial altar of Ru.
  2469 | D:2      | Reached skill level 3 in Unarmed Combat
  2489 | D:2      | Reached XP level 4. HP: 19/20 MP: 8/8
  3014 | D:3      | Reached skill level 3 in Stealth
  3788 | D:3      | Reached XP level 5. HP: 24/24 MP: 7/9
  3794 | D:3      | Found a blossoming altar of Fedhas.
  3825 | D:3      | Found an opulent altar of Gozag.
  3845 | D:3      | Reached skill level 3 in Fighting
  4235 | D:2      | Slain by a gnoll
  4236 | D:2      | Reached XP level 4. HP: -1/21 MP: 7/8
  4699 | D:2      | Slain by a gnoll shaman

Vault maps used:
D:1:      kennysheep_arrival_seaside, minivault_5, minmay_misc_feat_square,
          serial_park_tiny_1
D:2:      lemuel_crystal_altar, nicolae_overflow_hidden_temple,
          minmay_misc_feat_columns, st_stairs_12
D:3:      lemuel_castle_with_subvaults, lemuel_round_altar,
          fedhas_altar_fruit_tree

Skill      XL: |  1  2  3  4  5 |
---------------+----------------+-----
Stealth        | 1 2 3 |  3.5
Charms         | 1 2 |  2.0
Unarmed Combat | 3 |  3.5
Dodging        | 4 |  4.1
Fighting       | 3 |  3.0
Spellcasting   | |  2.0
Translocations | |  4.6

Action                   |  1- 3 |  4- 6 || total
-------------------------+-------+-------++-------
Melee: Unarmed           |   126 |   201 ||   327
       Bite              |    10 |    18 ||    28
       Punch             |       |     3 ||     3
 Cast: Shroud of Golubri |     8 |    30 ||    38
       Teleport Other    |       |     4 ||     4
  Use: Scroll            |       |     3 ||     3
 Stab: Sleeping          |     7 |     6 ||    13
  Eat: Chunk             |    11 |    10 ||    21
Armor: Skin              |     2 |    11 ||    13
Dodge: Dodged            |    98 |   177 ||   275
